 Dungeon Crawl Stone Soup version 0.24.0-2-g5b39cebb1c (webtiles) character file.

Game seed: 15072620549030005023, levelgen mode: deterministic

17128 hitsuchi the Thaumaturge (level 12, -16/91 HPs)
             Began as a Gnoll Wizard on Oct 30, 2019.
             Was a Priest of Ashenzari.
             Demolished by Rupert
             ... wielding a +0 great sword of protection
              (24 damage)
             ... while paralysed by Rupert
             ... on level 3 of the Lair of Beasts on Oct 31, 2019.
             The game lasted 00:44:54 (19931 turns).

hitsuchi the Thaumaturge (Gnoll Wizard)            Turns: 19931, Time: 00:44:55

Health: -16/91     AC: 14    Str: 11    XL:     12   Next: 44%
Magic:  4/26       EV:  2    Int: 25    God:    Ashenzari [***...]
Gold:   704        SH:  0    Dex: 15    Spells: 20/31 levels left

rFire    + . .     SeeInvis +   l - +3 whip (freeze) (curse)
rCold    + . .     Gourm    .   h - +1 buckler {AC+3} (curse)
rNeg     . . .     Faith    .   j - +3 leather armour
rPois    +         Spirit   .   J - +3 crown of Dyrovepreva {rElec Int+2 SInv}
rElec    +         Reflect  .   O - scarf {rC+ rF+}
rCorr    .         Harm     .   L - +0 pair of gloves
MR       .....                  (no boots)
Stlth    ++++......             (no amulet)
HPRegen  0.25/turn              S - ring of poison resistance (curse)
MPRegen  0.20/turn              R - +3 ring of evasion (curse)

@: paralysed
A: distributed training, fangs 1, strong nose
a: Curse Item, Scrying, Renounce Religion


You were on level 3 of the Lair of Beasts.
You worshipped Ashenzari.
Ashenzari was most pleased with you.
You were not hungry.

You visited 3 branches of the dungeon, and saw 14 of its levels.

You collected 704 gold pieces.

Inventory:

Hand Weapons
 l - a cursed +3 whip of freezing (weapon)
Armour
 h - a cursed +1 buckler of protection (worn)
 j - a +3 leather armour (worn)
 A - a +0 cloak
 J - the +3 crown of Dyrovepreva (worn) {rElec Int+2 SInv}
   (You found it on level 7 of the Dungeon)

   It affects your intelligence (+2).
   It insulates you from electricity.
   It lets you see invisible.
 L - a +0 pair of gloves (worn)
 O - a scarf of resistance (worn)
Jewellery
 f - an uncursed ring of stealth
 R - a cursed +3 ring of evasion (right hand)
 S - a cursed ring of poison resistance (left hand)
Wands
 y - a wand of random effects (18)
 E - a wand of scattershot (3)
 F - a wand of disintegration (9)
 I - a wand of acid (2)
 K - a wand of polymorph (7)
 M - a wand of paralysis (18)
 P - a wand of iceblast (5)
Scrolls
 a - a scroll of identify
 i - 2 scrolls of enchant armour
 n - 3 scrolls of remove curse
 o - a scroll of teleportation
 q - 3 scrolls of magic mapping
 r - 3 scrolls of enchant weapon
 s - 2 scrolls of amnesia
 G - 2 scrolls of immolation
 N - 2 scrolls of vulnerability
 T - 3 scrolls of blinking
Potions
 b - a potion of berserk rage
 e - 3 potions of brilliance
 k - a potion of ambrosia
 m - a potion of invisibility
 p - 2 potions of curing
 t - 2 potions of cancellation
 u - 2 potions of mutation
 x - 3 potions of heal wounds
 z - a potion of might
 B - 2 potions of agility
 C - a potion of lignification
 D - a potion of magic
 H - a potion of flight
Comestibles
 d - 26 rations


   Skills:
 + Level 7.1 Fighting
 + Level 7.1 Short Blades
 + Level 7.1 Long Blades
 + Level 7.1 Axes
 + Level 7.1(10.1) Maces & Flails
 + Level 7.1 Polearms
 + Level 7.1 Staves
 + Level 7.1 Slings
 + Level 7.1 Bows
 + Level 7.1 Crossbows
 + Level 7.1 Throwing
 + Level 7.1 Armour
 + Level 8.6 Dodging
 + Level 8.4 Stealth
 + Level 7.1(9.1) Shields
 + Level 7.1 Unarmed Combat
 + Level 10.1 Spellcasting
 + Level 6.3(8.3) Conjurations
 + Level 5.9(7.8) Hexes
 + Level 5.9(7.8) Charms
 + Level 6.3(8.3) Summonings
 + Level 5.9(7.8) Necromancy
 + Level 6.3(8.3) Translocations
 + Level 5.9(7.8) Transmutations
 + Level 5.9(7.8) Fire Magic
 + Level 5.9(7.8) Ice Magic
 + Level 5.9(7.8) Air Magic
 + Level 5.9(7.8) Earth Magic
 + Level 5.9(7.8) Poison Magic
 + Level 7.8 Invocations
 + Level 7.1(9.1) Evocations


You had 20 spell levels left.
You knew the following spells:

 Your Spells              Type           Power        Failure   Level  Hunger
a - Magic Dart            Conj           ####         1%          1    None
b - Blink                 Tloc           N/A          1%          2    None
c - Call Imp              Summ           ######..     1%          2    None
d - Mephitic Cloud        Conj/Pois/Air  ######..     1%          3    None
e - Conjure Flame         Conj/Fire      ######..     1%          3    None

Your spell library contained the following spells:

 Spells                   Type           Power        Failure   Level  Hunger
 Animate Skeleton         Necr           N/A          1%          1    None
 Apportation              Tloc           ######       1%          1    None
 Confusing Touch          Hex            ######       1%          1    None
 Summon Small Mammal      Summ           ####         1%          1    None
 Slow                     Hex            ######..     1%          2    None
 Confuse                  Hex            ######..     1%          3    None
 Gell's Gravitas          Tloc           ######....   1%          3    None
 Petrify                  Tmut/Erth      ######..     2%          4    None
 Metabolic Englaciation   Hex/Ice        ######....   7%          5    ####...
 Yara's Violent Unravell  Hex/Tmut       ######....   7%          5    ####...


Dungeon Overview and Level Annotations

Branches:
Dungeon (9/15)             Temple (1/1) D:4            Lair (4/6) D:9
  Snake (0/4) Lair:4
  Swamp: Lair:2-4    Shoals: Lair:2-4       Orc: D:9-12

Altars:
Ashenzari
Cheibriados
Dithmenos
Elyvilon
Fedhas
Gozag
Hepliaklqana
Kikubaaqudgha
Makhleb
Nemelex Xobeh
Okawaru
Qazlal
Ru
Sif Muna
Trog
Uskayaw
Vehumet
Wu Jian
Xom
Yredelemnul
Zin
The Shining One

Annotations:
D:7 3 runed translucent doors, Shaidar's ghost, novice GnFi; oberejnoburuli's ghost, novice GrFi; tmwh's ghost, novice HOFi
Lair:3 Rupert
Lair:4 Sonja


Innate Abilities, Weirdness & Mutations

Your experience applies equally to all skills.
You have very sharp teeth.
Your uncanny sense of smell can sniff out nearby items.


Message History

Press: ? - help, Shift-Dir - straight line, f/p - Rupert
Aim: Rupert, wielding a +0 great sword of protection and wearing a +0 chain mail (almost dead, slow)
The magic dart hits Rupert but does no damage.
Rupert is almost dead.
Rupert roars wildly at you.
You suddenly lose the ability to move!
Your white imp hits Rupert but does no damage.
Rupert looks more energetic.
Your white imp hits Rupert but does no damage.
Rupert roars madly and goes into a rage!
Rupert goes berserk!
Your white imp barely misses Rupert.
Rupert barely misses your white imp.
Your white imp gestures at Rupert.
The puff of frost hits Rupert.
Rupert hits your white imp with a +0 great sword of protection!
Your white imp dies!
Rupert hits you with a +0 great sword of protection!!
* * * LOW HITPOINT WARNING * * *
Rupert hits you with a +0 great sword of protection!!
You die...

#....................##
##.................#...##
#P.................##....
##P.................#P..P
#.................##...P
#.................####Y.
##................## ##.
##..................# #..
###
#.......@.........#####..
##.#####..P...@........P##
#...
#........P#..........####
#...
#####.#.####..###...##
###. ##.## #### ##### ##
### #


You could see Rupert (berserk).

Vanquished Creatures
  The ghost of ponobo the Fanfare of Bloodshed, a journeyman DrCj of Makhleb (Lair:1)
  3 hydras
  An elephant (Lair:3)
  7 spiny frogs
  3 komodo dragons
  A polar bear (Lair:2)
  5 blink frogs (Lair:3)
  2 wyverns
  A wraith (D:9)
  10 yaks
  A human (D:8)
  Edmund (D:5)
  A naga (Lair:3)
  5 water moccasins
  6 porcupines
  An ice beast (D:8)
  A black bear (D:9)
  An eye of draining (D:8)
  2 sky beasts
  23 wolves
  3 phantoms
  2 crocodiles
  A big kobold (D:8)
  3 bullfrogs
  A wyvern zombie (D:7)
  2 scorpions
  5 killer bees (D:7)
  A crimson imp (D:8)
  A centaur skeleton (D:4)
  4 orc priests
  2 hounds
  A bullfrog skeleton (D:9)
  7 orc wizards
  3 iguanas
  4 worker ants
  2 killer bee zombies
  A hound zombie (D:7)
  A worker ant zombie (D:8)
  3 gnolls (D:6)
  8 adders
  An adder skeleton (D:9)
  3 adder zombies
  3 dart slugs
  3 leopard geckos
  17 orcs
  9 bats
  4 giant cockroaches
  7 goblins
  8 hobgoblins
  6 jackals
  6 kobolds
  6 quokkas
  7 frilled lizards
  10 rats
221 creatures vanquished.

Vanquished Creatures (collateral kills)
  A hydra (Lair:2)
  Nergalle (Lair:3)
  2 elephants
  A spiny frog (Lair:1)
  A troll (D:9)
  A hippogriff (D:9)
  4 yaks
  A wyvern (Lair:2)
  A hungry ghost (D:8)
  A porcupine (Lair:1)
  A necrophage (D:8)
  A centaur (D:6)
  3 wolves
  A killer bee (D:7)
  A howler monkey (D:8)
  A hound (D:5)
  2 orc priests
  Terence (D:1)
  A worker ant (D:8)
  4 gnolls
  A worm (D:3)
  7 orcs
  5 jackals (D:3)
  A quokka (D:5)
  3 kobolds
  A rat (D:5)
48 creatures vanquished.

Vanquished Creatures (others)
  7 fungi
  5 plants (Lair:4)
12 creatures vanquished.

Grand Total: 281 creatures vanquished

Notes
Turn   | Place    | Note
-------+----------+-------------------------------------------
     0 | D:1      | hitsuchi the Gnoll Wizard began the quest for the Orb.
     0 | D:1      | Reached XP level 1. HP: 13/13 MP: 8/8
   146 | D:1      | Reached XP level 2. HP: 19/19 MP: 8/10
   150 | D:1      | Learned a level 2 spell: Blink
   153 | D:1      | Learned a level 2 spell: Call Imp
   502 | D:1      | Reached XP level 3. HP: 24/25 MP: 6/11
   894 | D:2      | Noticed Terence
   944 | D:1      | Killed Terence
   944 | D:1      | Reached skill level 1 in Fighting
   944 | D:1      | Reached skill level 1 in Short Blades
   944 | D:1      | Reached skill level 1 in Long Blades
   944 | D:1      | Reached skill level 1 in Axes
   944 | D:1      | Reached skill level 1 in Maces & Flails
   944 | D:1      | Reached skill level 1 in Polearms
   944 | D:1      | Reached skill level 1 in Staves
   944 | D:1      | Reached skill level 1 in Slings
   944 | D:1      | Reached skill level 1 in Bows
   944 | D:1      | Reached skill level 1 in Crossbows
   944 | D:1      | Reached skill level 1 in Throwing
   944 | D:1      | Reached skill level 1 in Armour
   944 | D:1      | Reached skill level 1 in Shields
   944 | D:1      | Reached skill level 1 in Unarmed Combat
   944 | D:1      | Reached skill level 1 in Invocations
   944 | D:1      | Reached skill level 1 in Evocations
  1073 | D:1      | Reached XP level 4. HP: 28/32 MP: 8/13
  1200 | D:2      | Found a shadowy altar of Dithmenos.
  1437 | D:2      | Found a hide-covered altar of Uskayaw.
  1818 | D:3      | Reached skill level 1 in Hexes
  1818 | D:3      | Reached skill level 1 in Charms
  1818 | D:3      | Reached skill level 1 in Necromancy
  1818 | D:3      | Reached skill level 1 in Transmutations
  1818 | D:3      | Reached skill level 1 in Fire Magic
  1818 | D:3      | Reached skill level 1 in Ice Magic
  1818 | D:3      | Reached skill level 1 in Air Magic
  1818 | D:3      | Reached skill level 1 in Earth Magic
  1818 | D:3      | Reached skill level 1 in Poison Magic
  1942 | D:3      | Found a hazy altar of Hepliaklqana.
  2233 | D:3      | Reached XP level 5. HP: 37/37 MP: 9/14
  2355 | D:3      | Noticed a phantom
  2431 | D:3      | Killed a phantom
  3037 | D:4      | Reached XP level 6. HP: 44/44 MP: 5/16
  3406 | D:4      | Found a staircase to the Ecumenical Temple.
  3416 | Temple   | Entered the Ecumenical Temple
  3668 | D:5      | Entered Level 5 of the Dungeon
  3812 | D:5      | Reached skill level 5 in Dodging
  3926 | D:5      | Noticed Edmund
  3940 | D:5      | Killed Edmund
  3940 | D:5      | Reached XP level 7. HP: 48/50 MP: 12/18
  4215 | D:5      | Noticed a moth of wrath
  4285 | D:5      | Found a bloodstained altar of Trog.
  4665 | D:5      | Got a slimy great mace
  4671 | D:5      | Identified the +7 great mace "Killer Bee's Doom" {freeze,
                  | +Blink Stlth+} (You found it on level 5 of the Dungeon)
  4855 | D:6      | Found a shattered altar of Ashenzari.
  4986 | D:6      | Reached skill level 5 in Stealth
  5014 | D:6      | Became a worshipper of Ashenzari the Shackled
  5038 | D:6      | Found a shimmering blue altar of Sif Muna.
  5633 | D:7      | Reached XP level 8. HP: 57/57 MP: 6/19
  5744 | D:7      | Found the +3 crown of Dyrovepreva {rElec Int+2 SInv}
  5799 | D:7      | Found a burning altar of Makhleb.
  6752 | D:7      | Found a runed translucent gate.
  6752 | D:7      | Found a runed translucent gate.
  6756 | D:7      | Found a runed translucent gate.
  6756 | D:7      | Noticed oberejnoburuli's ghost (novice GrFi)
  6756 | D:7      | Noticed tmwh's ghost (novice HOFi)
  6757 | D:7      | Noticed Shaidar's ghost (novice GnFi)
  7112 | D:8      | Reached skill level 8 in Spellcasting
  7507 | D:8      | Reached XP level 9. HP: 8/65 MP: 14/21
  8474 | D:8      | Reached * piety under Ashenzari
  8797 | D:9      | Found a stormy altar of Qazlal.
  8832 | D:9      | Reached skill level 5 in Invocations
  8869 | D:9      | Found a sparkling altar of Nemelex Xobeh.
  9062 | D:9      | Found an opulent altar of Gozag.
  9197 | D:9      | Reached XP level 10. HP: 73/73 MP: 14/22
  9243 | D:9      | Found a staircase to the Lair.
  9890 | D:9      | Learned a level 3 spell: Mephitic Cloud
  9894 | D:9      | Learned a level 3 spell: Conjure Flame
  9958 | Lair:1   | Entered Level 1 of the Lair of Beasts
 10149 | Lair:1   | Found a transporter.
 10149 | Lair:1   | Reached ** piety under Ashenzari
 10154 | Lair:1   | Noticed ponobo's ghost (journeyman DrCj)
 10155 | Lair:1   | Noticed a six-headed hydra
 10156 | Lair:1   | Found a transporter.
 10184 | Lair:1   | Noticed a spiny frog
 10199 | Lair:1   | Killed a spiny frog
 10199 | Lair:1   | Reached skill level 5 in Fighting
 10199 | Lair:1   | Reached skill level 5 in Short Blades
 10199 | Lair:1   | Reached skill level 5 in Long Blades
 10199 | Lair:1   | Reached skill level 5 in Axes
 10199 | Lair:1   | Reached skill level 5 in Maces & Flails
 10199 | Lair:1   | Reached skill level 5 in Polearms
 10199 | Lair:1   | Reached skill level 5 in Staves
 10199 | Lair:1   | Reached skill level 5 in Slings
 10199 | Lair:1   | Reached skill level 5 in Bows
 10199 | Lair:1   | Reached skill level 5 in Crossbows
 10199 | Lair:1   | Reached skill level 5 in Throwing
 10199 | Lair:1   | Reached skill level 5 in Armour
 10199 | Lair:1   | Reached skill level 5 in Shields
 10199 | Lair:1   | Reached skill level 5 in Unarmed Combat
 10199 | Lair:1   | Reached skill level 5 in Evocations
 10716 | Lair:1   | Noticed a spiny frog
 10769 | Lair:1   | Killed a spiny frog
 10795 | Lair:1   | Reached skill level 9 in Spellcasting
 11213 | Lair:1   | Reached skill level 5 in Conjurations
 11213 | Lair:1   | Reached skill level 5 in Summonings
 11213 | Lair:1   | Reached skill level 5 in Translocations
 12689 | Lair:2   | Noticed a spiny frog
 12703 | Lair:2   | Killed a spiny frog
 12794 | Lair:2   | Reached XP level 11. HP: 59/81 MP: 10/24
 13746 | Lair:2   | Noticed a seven-headed hydra
 13977 | Lair:1   | Killed a six-headed hydra
 13977 | Lair:1   | Reached skill level 5 in Hexes
 13977 | Lair:1   | Reached skill level 5 in Charms
 13977 | Lair:1   | Reached skill level 5 in Necromancy
 13977 | Lair:1   | Reached skill level 5 in Transmutations
 13977 | Lair:1   | Reached skill level 5 in Fire Magic
 13977 | Lair:1   | Reached skill level 5 in Ice Magic
 13977 | Lair:1   | Reached skill level 5 in Air Magic
 13977 | Lair:1   | Reached skill level 5 in Earth Magic
 13977 | Lair:1   | Reached skill level 5 in Poison Magic
 14165 | Lair:1   | Killed ponobo's ghost
 15036 | Lair:2   | Noticed a five-headed hydra
 15257 | Lair:1   | Killed a five-headed hydra
 15768 | Lair:2   | Killed a seven-headed hydra
 17112 | Lair:3   | Noticed a seven-headed hydra
 17119 | Lair:3   | Reached XP level 12. HP: 71/89 MP: 19/25
 17125 | Lair:3   | Killed a seven-headed hydra
 17618 | Lair:3   | Reached skill level 10 in Spellcasting
 17918 | Lair:3   | Noticed Nergalle
 17958 | Lair:3   | Killed Nergalle
 18288 | Lair:3   | Reached *** piety under Ashenzari
 18820 | Lair:4   | Noticed Sonja
 19085 | Lair:4   | Found a staircase to the Snake Pit.
 19089 | Lair:4   | Noticed Rupert
 19118 | Lair:4   | Paralysed by Rupert for 7 turns
 19127 | Lair:4   | Paralysed by Rupert for 5 turns
 19132 | Lair:4   | Noticed a dire elephant
 19877 | Lair:3   | Paralysed by Rupert for 2 turns
 19926 | Lair:3   | Paralysed by Rupert for 7 turns
 19931 | Lair:3   | Demolished by Rupert

Levels and vault maps discovered:
D:1:      ncdulo_watergridlock, layout_loops_cross
D:2:      layout_basic, marbit_many_paths, nicolae_overflow_crystal_walls,
          uniq_terence
D:3:      layout_basic, lemuel_round_altar, first_ration
D:4:      layout_rooms, temple_statues
D:5:      layout_basic, tgw_trog, minivault_23, abandoned_shop,
          grunt_decor_resistance, uniq_edmund
D:6:      layout_loops_cross, ashenzari_altar_1, lemuel_doored_altar
D:7:      layout_loops_ring, lemuel_round_altar, gammafunk_ghost_cemetery,
          minmay_misc_feat_secret_circle
D:8:      layout_rooms, grunt_pizzeria
D:9:      layout_grid_maze, nicolae_gozag_seed_capital, old_standard_altar,
          lair_entry_dummy, basic_altar
Temple:   cyrus_circular_temple
Lair:1:   layout_roguey, gammafunk_ghost_arena, serial_bayou_pond_e
Lair:2:   layout_gridlike, minivault_27
Lair:3:   layout_cave_pods, grunt_megastairs_3, uniq_nergalle
Lair:4:   beast_lair_carwin_large_2, layout_gridlike,
          minmay_shoals_entry_centaurs, guppyfry_snake_entry_island,
          chequers_serial_rivers_micro_d, serial_bayou_pond_d,
          chequers_serial_rivers_small_3, serial_bayou_shore_b, uniq_rupert,
          uniq_sonja

Skill      XL: |  1  2  3  4  5  6  7  8  9 10 11 12 |
---------------+-------------------------------------+-----
Conjurations   | 2 3 4 5 6 |  6.3
Summonings     | 2 3 4 5 6 |  6.3
Translocations | 2 3 4 5 6 |  6.3
Fighting       | 1 2 3 4 5 6 7 |  7.1
Short Blades   | 1 2 3 4 5 6 7 |  7.1
Long Blades    | 1 2 3 4 5 6 7 |  7.1
Axes           | 1 2 3 4 5 6 7 |  7.1
Maces & Flails | 1 2 3 4 5 6 7 |  7.1
Polearms       | 1 2 3 4 5 6 7 |  7.1
Staves         | 1 2 3 4 5 6 7 |  7.1
Slings         | 1 2 3 4 5 6 7 |  7.1
Bows           | 1 2 3 4 5 6 7 |  7.1
Crossbows      | 1 2 3 4 5 6 7 |  7.1
Throwing       | 1 2 3 4 5 6 7 |  7.1
Armour         | 1 2 3 4 5 6 7 |  7.1
Shields        | 1 2 3 4 5 6 7 |  7.1
Unarmed Combat | 1 2 3 4 5 6 7 |  7.1
Invocations    | 1 2 3 4 5 6 7 |  7.8
Evocations     | 1 2 3 4 5 6 7 |  7.1
Hexes          | 1 2 3 4 5 |  5.9
Charms         | 1 2 3 4 5 |  5.9
Necromancy     | 1 2 3 4 5 |  5.9
Transmutations | 1 2 3 4 5 |  5.9
Fire Magic     | 1 2 3 4 5 |  5.9
Ice Magic      | 1 2 3 4 5 |  5.9
Air Magic      | 1 2 3 4 5 |  5.9
Earth Magic    | 1 2 3 4 5 |  5.9
Poison Magic   | 1 2 3 4 5 |  5.9
Dodging        | 5 6 7 8 |  8.6
Stealth        | 5 6 7 8 |  8.4
Spellcasting   | 8 9 10 | 10.1

Action                   |  1- 3 |  4- 6 |  7- 9 | 10-12 || total
-------------------------+-------+-------+-------+-------++-------
Melee: Hand axe          |    13 |       |       |       ||    13
       Whip              |       |    39 |   188 |   514 ||   741
       Bite              |       |     2 |    12 |    61 ||    75
 Cast: Magic Dart        |    52 |   162 |   305 |   425 ||   944
       Call Imp          |     3 |     7 |    33 |    85 ||   128
       Blink             |       |       |     4 |    60 ||    64
       Conjure Flame     |       |       |       |     5 ||     5
       Mephitic Cloud    |       |       |       |    12 ||    12
Invok: Curse Item        |       |       |     2 |     2 ||     4
Evoke: Wand              |       |       |       |    16 ||    16
  Use: Potion            |       |       |     2 |     1 ||     3
       Scroll            |       |       |       |    25 ||    25
 Stab: Distracted        |     1 |       |       |     3 ||     4
       Sleeping          |       |       |     1 |       ||     1
       Confused          |       |       |       |    10 ||    10
  Eat: Chunk             |       |     9 |    13 |    24 ||    46
       Ration            |       |       |     1 |     3 ||     4
Armor: Robe              |     1 |       |       |       ||     1
       Leather armour    |    14 |    42 |    99 |   180 ||   335
Dodge: Dodged            |    35 |    82 |   206 |   486 ||   809
Block: Buckler           |     8 |    18 |    69 |   207 ||   302
